 Dungeon Crawl Stone Soup version 0.31-a0-200-gbc41564c69 (webtiles) character file.

Game seed: 250534085014555450

32 qw the Shooter (level 3, 0/20 HPs)
             Began as a Deep Elf Hunter on June 25, 2023.
             Slain by an adder (3 damage)
             ... on level 2 of the Dungeon.
             The game lasted 00:00:17 (565 turns).

qw the Shooter (Deep Elf Hunter)                     Turns: 565, Time: 00:00:17

Health: 0/20       AC:  3    Str: 10    XL:     3   Next: 8%
Magic:  5/5        EV: 12    Int: 13    God:
Gold:   103        SH:  0    Dex: 18    Spells: 2/2 levels left

rFire   . . .        Y - +0 shortbow
rCold   . . .        (shield currently unavailable)
rNeg    . . .        c - +0 leather armour
rPois   .            (no helmet)
rElec   .            (no cloak)
rCorr   .            (no gloves)
SInv    .            (no boots)
Will    .....        (no amulet)
Stlth   ++           (no ring)
HPRegen 0.23/turn    (no ring)
MPRegen 0.09/turn

%: no passive effects
@: lethally poisoned (0 -> -2)
A: no striking features
a: no special abilities


You were on level 2 of the Dungeon.
You visited 1 branch of the dungeon, and saw 2 of its levels.

You collected 103 gold pieces.


   Skills:
 - Level 1.5 Fighting
 + Level 6.7 Ranged Weapons
 - Level 2.4 Dodging
 - Level 1.2 Stealth


You had 2 spell levels left.
You didn't know any spells.
Your spell library was empty.

Inventory:

Hand Weapons
 Y - a +0 shortbow (weapon)
Armour
 c - a +0 leather armour (worn)
Scrolls
 e - a scroll of identify
Potions
 a - 2 potions of invisibility {unknown}
 g - a potion of curing {unknown}
 h - a potion of lignification {unknown}

Dungeon Overview and Level Annotations

Branches:
Dungeon (2/15)

Altars:


Message History

The arrow hits the endoplasm.
You kill the endoplasm!
You hear an angry hiss.
You hear a shout!
You shoot an arrow. The arrow hits the gnoll.
The gnoll is moderately wounded.
You hear a shout!
You shoot an arrow. The arrow closely misses the gnoll.
You hear an angry hiss.
An adder comes into view.
You shoot an arrow. The arrow hits the gnoll.
The gnoll is severely wounded.
You shoot an arrow.
The arrow hits the gnoll but does no damage.
The gnoll is severely wounded.
The gnoll barely misses you.
A rat comes into view.
The gnoll hits you with a +0 whip.
A gnoll comes into view. It is wielding a +0 spear.
You shoot an arrow. The arrow barely misses the gnoll.
The gnoll hits you with a +0 whip.
You shoot an arrow. The arrow hits the gnoll.
The gnoll is almost dead.
A gnoll comes into view. It is wielding a +0 halberd.
You shoot an arrow. The arrow hits the gnoll.
You kill the gnoll!
The adder misses you.
You have reached level 3!
Your experience leads to an increase in your attributes!
Increase (S)trength, (I)ntelligence, or (D)exterity?
You feel stronger. x2
You shoot an arrow. The arrow closely misses the adder.
The adder bites you.
You are poisoned.
The adder poisons you!
The gnoll hits you from afar with a +0 spear!
You shoot an arrow. The arrow hits the adder.
The adder is lightly wounded.
You feel sick. The adder bites you but does no damage.
The gnoll barely misses you. The adder bites you.
You die...

#.## ###.[
##...######
##}...}.....
#........#
#...<....#
##...%...##
#.)...}..##
#.###...@# #
####)Sgg.$.#
####r#.## #


You could see 2 gnolls, an adder and a rat.

Vanquished Creatures
  A gnoll (D:2)
  3 endoplasms
  A goblin (D:1)
  2 hobgoblins (D:1)
  4 quokkas (D:1)
  4 ball pythons
  A frilled lizard (D:1)
  2 kobolds (D:1)
  3 rats (D:1)
21 creatures vanquished.

Notes
Turn   | Place    | Note
-------+----------+-------------------------------------------
     0 | D:1      | qw the Deep Elf Hunter began the quest for the Orb.
     0 | D:1      | Reached XP level 1. HP: 12/12 MP: 3/3
     0 | D:1      | 0 ||| qw: Version: 0.3-a-22-g0ed2b0b
     0 | D:1      | 0 ||| qw: Game counter: 5701
     0 | D:1      | 0 ||| qw: Melee chars always use a shield: true
     0 | D:1      | 0 ||| qw: God list: Okawaru
     0 | D:1      | 0 ||| qw: Allow faded altars: false
     0 | D:1      | 0 ||| qw: Do Orc after clearing Dungeon:15 true
     0 | D:1      | 0 ||| qw: Do second Lair branch before Depths: true
     0 | D:1      | 0 ||| qw: Lair rune preference: random
     0 | D:1      | 0 ||| qw: Goals: Normal
     0 | D:1      | 0 ||| PLANNING D:1-11
    83 | D:1      | Reached XP level 2. HP: 16/16 MP: 4/4
    94 | D:1      | Reached skill level 6 in Ranged Weapons
   456 | D:1      | 456 ||| READING scroll labelled ROURIU OSEDEACK.
   457 | D:1      | 457 ||| READING 2 scrolls labelled JITUER GOCIEM.
   458 | D:1      | 458 ||| READING scroll labelled JOXOSI AVAQI.
   459 | D:1      | 459 ||| READING scroll labelled FYUDIRU QUEHOR.
   460 | D:1      | 460 ||| DRINKING 2 fuming silvery potions.
   461 | D:1      | 461 ||| DROPPING scroll of butterflies.
   462 | D:1      | 462 ||| DROPPING potion of brilliance.
   474 | D:2      | HP: 4/16 [ball python (3)]
   476 | D:2      | 476 ||| STAIRDANCE
   479 | D:1      | HP: 3/16 [quokka (2)]
   483 | D:1      | HP: 1/16 [quokka (1)]
   564 | D:2      | Reached XP level 3. HP: 14/20 MP: 5/5
   564 | D:2      | HP: 5/20 [gnoll/+0 spear (7)]
   565 | D:2      | Slain by an adder

Levels and vault maps discovered:
D:1:      dpeg_arrival_rhombus, layout_basic, minmay_misc_feat_four_crosses
D:2:      minmay_door_path, layout_loops_ring, grunt_ministairs_1,
          minmay_tiny_reverse_x, uniq_crazy_yiuf_cottage

Skill      XL: |  1  2 |
---------------+-------+-----
Ranged Weapons | 6 |  6.7
Fighting       | |  1.5
Dodging        | |  2.4
Stealth        | |  1.2

Action                     || total
---------------------------++-------
   Fire: Shortbow          ||    52
    Use: Scroll            ||     4
         Potion            ||     1
 Armour: Leather armour    ||     3
  Dodge: Dodged            ||    16

Table legend:
 A = Non-vault XP
 B = Vault XP
 C = Vault XP percentage of total XP
 D = Non-vault monster count
 E = Vault monster count
 F = Vault count percentage of total count
                 A         B        C        D         E       F
            +---------+---------+-------+---------+---------+-------
      Total |      43 |       3 |   6.5 |      19 |       2 |   9.5
            +---------+---------+-------+---------+---------+-------
        D:1 |      26 |       2 |   7.1 |      16 |       1 |   5.9
        D:2 |      17 |       1 |   5.6 |       3 |       1 |  25.0
            +---------+---------+-------+---------+---------+-------
